 Dungeon Crawl Stone Soup version 0.31-a0-164-g2312942fda (webtiles) character file.

Game seed: 413170590382235202

1061 lmSkywalker the Grasshopper (level 8, -1/64 HPs)
             Began as a Gnoll Warper on June 11, 2023.
             Was a Follower of Uskayaw.
             Slain by a gnoll
             ... wielding a +0 spear
             ... led by a gnoll bouda
              (3 damage)
             ... on level 5 of the Dungeon on June 14, 2023.
             The game lasted 00:37:21 (6886 turns).

lmSkywalker the Grasshopper (Gnoll Warper)          Turns: 6886, Time: 00:37:22

Health: -1/64      AC:  4    Str: 10    XL:     8   Next: 27%
Magic:  1/17       EV: 13    Int: 14    God:    Uskayaw [*.....]
Gold:   291        SH:  0    Dex: 13    Spells: 11/19 levels left

rFire   . . .        a - +0 falchion
rCold   . . .        (no shield)
rNeg    . . .        g - +0 leather armour
rPois   .            (no helmet)
rElec   .            (no cloak)
rCorr   .            n - +0 pair of gloves
SInv    .            (no boots)
Will    .....        (no amulet)
Stlth   ++           (no ring)
HPRegen 0.30/turn    (no ring)
MPRegen 0.15/turn

%: no passive effects
@: weakened, very slightly contaminated
A: fangs 1, strong nose, distributed training
a: Renounce Religion, Stomp


You were on level 5 of the Dungeon.
You worshipped Uskayaw.
Uskayaw was noncommittal.
You visited 2 branches of the dungeon, and saw 6 of its levels.

You collected 291 gold pieces.

Inventory:

Hand Weapons
 a - a +0 falchion (weapon)
 b - a +0 sling
Missiles
 d - a boomerang of dispersal
 r - 17 poisoned darts
 t - 5 boomerangs (quivered)
 v - 3 throwing nets
Armour
 g - a +0 leather armour (worn)
 n - a +0 pair of gloves (worn)
Wands
 c - a wand of flame (30)
 D - a wand of polymorph (8)
Scrolls
 e - 4 scrolls of identify
 f - 3 scrolls of enchant armour
 h - a scroll of vulnerability {unknown}
 i - a scroll of butterflies {unknown}
 k - a scroll of brand weapon {unknown}
 l - a scroll of immolation {unknown}
 m - a scroll of fear {unknown}
 o - a scroll of torment {unknown}
 p - 3 scrolls of teleportation
 q - a scroll of fog {unknown}
 y - a scroll of blinking
Potions
 j - 2 potions of degeneration
 s - a potion of lignification
 u - a potion of haste {unknown}
 w - a potion of resistance {unknown}
 x - 3 potions of curing
 z - a potion of magic {unknown}
 A - a potion of enlightenment {unknown}
 B - a potion of attraction {unknown}
 C - a potion of brilliance {unknown}


   Skills:
 + Level 5.6 Fighting
 + Level 3.2 Short Blades
 + Level 5.6 Long Blades
 + Level 3.2 Axes
 + Level 3.2 Maces & Flails
 + Level 3.2 Polearms
 + Level 3.2 Staves
 + Level 3.2 Ranged Weapons
 + Level 4.2 Throwing
 + Level 4.2 Armour
 + Level 5.6 Dodging
 + Level 3.2 Stealth
 + Level 3.2 Shields
 + Level 3.2 Unarmed Combat
 + Level 6.0 Spellcasting
 + Level 2.6 Conjurations
 + Level 2.6 Hexes
 + Level 2.6 Summonings
 + Level 2.6 Necromancy
 + Level 6.1 Translocations
 + Level 2.6 Transmutations
 + Level 2.6 Fire Magic
 + Level 2.6 Ice Magic
 + Level 2.6 Air Magic
 + Level 2.6 Earth Magic
 + Level 2.6 Poison Magic
 + Level 3.5 Invocations
 + Level 3.2 Evocations


You had 11 spell levels left.
You knew the following spells:

 Your Spells              Type           Power      Damage    Failure   Level
a - Blink                 Tloc           42%        N/A       2%          2
b - Lesser Beckoning      Tloc           42%        N/A       2%          2
c - Summon Small Mammal   Summ           44%        N/A       7%          1
d - Vhi's Electric Charg  Tloc/Air       32%        N/A       11%         3

Your spell library contained the following spells:

 Spells                   Type           Power      Damage    Failure   Level
 Apportation              Tloc           42%        N/A       1%          1
 Teleport Other           Tloc           21%        N/A       4%          3
 Necrotise                Necr           44%        1d6       7%          1
 Sublimation of Blood     Necr           11%        N/A       11%         2
 Wereblood                Tmut           11%        N/A       11%         2
 Manifold Assault         Tloc           21%        N/A       17%         4
 Dazzling Flash           Conj/Hex       22%        N/A       21%         3
 Agony                    Necr           11%        N/A       88%         5
 Arcjolt                  Conj/Air       5%         1d15      88%         5
 Silence                  Hex/Air        5%         N/A       88%         5
 Plasma Beam              Fire/Air       5%         2x1d16    100%        6
 Malign Gateway           Summ/Tloc      8%         N/A       100%        7
 Summon Hydra             Summ           5%         N/A       100%        7
 Summon Horrible Things   Summ           5%         N/A       100%        8


Dungeon Overview and Level Annotations

Branches:
Dungeon (5/15)             Temple (1/1) D:5

Altars:
Ashenzari
Dithmenos
Fedhas
Gozag
Kikubaaqudgha
Makhleb
Okawaru
Qazlal
Ru
Uskayaw
Vehumet
Wu Jian
Yredelemnul
Zin
The Shining One

Annotations:
D:1 exclusion: gnoll


Innate Abilities, Weirdness & Mutations

You have very sharp teeth.
Your uncanny sense of smell can sniff out nearby items.
Your experience applies equally to all skills.


Message History

The gnoll burns you.
* * * LOW HITPOINT WARNING * * *
The gnoll completely misses you. The gnoll misses you.
You can now stomp with the beat.
Casting: Vhi's Electric Charge (dangerous; 11% risk of failure)
Confirm with . or Enter, or press ? or * to list all spells.
Charge where?
Press: ? - help, Dir - move target, f - gnoll bouda, p - gnoll
Aim: a gnoll bouda, wielding a +0 whip and wearing a +0 leather armour (moderately wounded, 83% to hit)
You miscast Vhi's Electric Charge.
You are very lightly contaminated with residual magic.
Nothing appears to happen.
The gnoll hits you but does no damage. The gnoll barely misses you.
The gnoll bouda gazes fiercely through you!
You feel your attacks grow feeble.
Okay, then.
Okay, then.
You closely miss the gnoll.
The gnoll is moderately wounded.
The gnoll misses you. The gnoll hits you with a +0 club.
* * * LOW HITPOINT WARNING * * *
The gnoll closely misses you.
You hit the gnoll.
The gnoll is severely wounded.
The gnoll misses you. The gnoll barely misses you.
The gnoll hits you with a +0 spear.
* * * LOW HITPOINT WARNING * * *
The gnoll bouda hits you with a +0 whip.
* * * LOW HITPOINT WARNING * * *
You hit the gnoll but do no damage.
The gnoll is severely wounded.
The gnoll misses you. The gnoll barely misses you.
The gnoll hits you with a +0 spear.
* * * LOW HITPOINT WARNING * * *
The gnoll bouda misses you.
You hit the gnoll but do no damage.
The gnoll is severely wounded.
The gnoll is no longer moving quickly.
The gnoll barely misses you. The gnoll closely misses you.
The gnoll hits you with a +0 spear.
You die...

).≈≈≈≈≈≈≈## #.###### #......
..≈≈≈≈≈≈## ####......########.
..≈≈≈≈≈## #..........#.......
..≈≈≈≈## #..........#.####..
..≈≈≈## #..........#.####..
''#### #......).).#.#..<..
....###########..........#.#.###.
###.............g........#.#.....
###########...@#######.#.#..##.
#..ggg..# #.#.#<.... #.......#
#...####.. #.......# ###.......
#.......## #...##.. #..#....[.#
###.##.. #..###.###..# #..#.. #.#
.... ##.# ##..>. #.#.8... .#
#####


You could see a gnoll bouda and 3 gnolls.

Vanquished Creatures
  A water moccasin (D:5)
  A black bear (D:5)
  A phantom (D:5)
  A kobold brigand (D:5)
  3 scorpions
  A jelly (D:4)
  2 hounds (D:4)
  4 iguanas
  An orc wizard (D:5)
  4 gnolls
  8 adders
  An ufetubus (D:4)
  2 worms
  A dart slug (D:2)
  14 orcs
  10 ball pythons
  5 endoplasms
  3 giant cockroaches
  4 goblins
  9 hobgoblins
  5 quokkas
  7 bats
  4 frilled lizards
  10 kobolds
  5 rats
107 creatures vanquished.

Vanquished Creatures (collateral kills)
  A jelly (D:5)
  A howler monkey (D:5)
  An iguana (D:5)
  A gnoll (D:5)
4 creatures vanquished.

Vanquished Creatures (others)
  An orc (D:3)
1 creature vanquished.

Grand Total: 112 creatures vanquished

Notes
Turn   | Place    | Note
-------+----------+-------------------------------------------
     0 | D:1      | lmSkywalker the Gnoll Warper began the quest for the Orb.
     0 | D:1      | Reached XP level 1. HP: 20/20 MP: 6/6
   181 | D:1      | Reached XP level 2. HP: 25/26 MP: 7/7
   536 | D:1      | Reached skill level 5 in Spellcasting
   536 | D:1      | Reached XP level 3. HP: 31/31 MP: 7/9
   541 | D:1      | Learned a level 2 spell: Blink
   544 | D:1      | Learned a level 2 spell: Lesser Beckoning
  1141 | D:2      | Reached skill level 1 in Invocations
  1426 | D:2      | Reached skill level 1 in Short Blades
  1426 | D:2      | Reached skill level 1 in Axes
  1426 | D:2      | Reached skill level 1 in Maces & Flails
  1426 | D:2      | Reached skill level 1 in Polearms
  1426 | D:2      | Reached skill level 1 in Staves
  1426 | D:2      | Reached skill level 1 in Ranged Weapons
  1426 | D:2      | Reached skill level 1 in Stealth
  1426 | D:2      | Reached skill level 1 in Shields
  1426 | D:2      | Reached skill level 1 in Unarmed Combat
  1426 | D:2      | Reached skill level 1 in Evocations
  1442 | D:2      | Identified the +0 leather armour of Pikhun {rC+++ rN+ Str+3
                  | Int-5}
  1459 | D:2      | Reached XP level 4. HP: 38/38 MP: 11/11
  1785 | D:3      | Learned a level 1 spell: Summon Small Mammal
  2674 | D:3      | Found a stormy altar of Qazlal.
  2767 | D:3      | Reached skill level 1 in Conjurations
  2767 | D:3      | Reached skill level 1 in Hexes
  2767 | D:3      | Reached skill level 1 in Summonings
  2767 | D:3      | Reached skill level 1 in Necromancy
  2767 | D:3      | Reached skill level 1 in Transmutations
  2767 | D:3      | Reached skill level 1 in Fire Magic
  2767 | D:3      | Reached skill level 1 in Ice Magic
  2767 | D:3      | Reached skill level 1 in Air Magic
  2767 | D:3      | Reached skill level 1 in Earth Magic
  2767 | D:3      | Reached skill level 1 in Poison Magic
  2980 | D:4      | Noticed a scorpion
  3114 | D:3      | Found a shadowy altar of Dithmenos.
  3254 | D:4      | Killed a scorpion
  3255 | D:4      | Reached XP level 5. HP: 43/43 MP: 12/12
  3369 | D:4      | Reached XP level 6. HP: 42/50 MP: 14/14
  3418 | D:4      | Reached skill level 5 in Fighting
  3418 | D:4      | Reached skill level 5 in Long Blades
  3418 | D:4      | Reached skill level 5 in Dodging
  3456 | D:4      | Found a glowing golden altar of the Shining One.
  4261 | D:2      | Upgraded the game from 0.31-a0-154-g56bf346678 to
                  | 0.31-a0-164-g2312942fda
  5204 | D:4      | Found a radiant altar of Vehumet.
  5306 | D:5      | Entered Level 5 of the Dungeon
  5340 | D:5      | Reached XP level 7. HP: 56/56 MP: 12/15
  5786 | D:5      | Found a staircase to the Ecumenical Temple.
  5938 | Temple   | Entered the Ecumenical Temple
  5947 | Temple   | Became a worshipper of Uskayaw the Reveller
  6016 | D:5      | Reached * piety under Uskayaw
  6135 | D:5      | Learned a level 3 spell: Vhi's Electric Charge
  6186 | D:5      | Reached ** piety under Uskayaw
  6190 | D:5      | Reached XP level 8. HP: 63/63 MP: 11/16
  6833 | D:5      | Found an opulent altar of Gozag.
  6884 | D:5      | HP: 3/64 [gnoll bouda/+0 whip (3)]
  6885 | D:5      | HP: 1/64 [gnoll/+0 spear[a gnoll bouda] (2)]
  6886 | D:5      | Slain by a gnoll

Illustrated notes

Levels and vault maps discovered:
D:1:      dpeg_chamrin_arrival_tetris, layout_basic, minmay_tetromino_s2
D:2:      layout_rooms
D:3:      layout_rooms, mainiacjoe_overflow_brackets, grunt_qazlal_clouds
D:4:      layout_rooms, mainiacjoe_overflow_alcove_1, marbit_many_paths,
          kennysheep_opposing_triangles
D:5:      kennysheep_big_flooded_room, layout_basic, grunt_gozag_statues,
          minmay_temple_entry_ruins
Temple:   hellmonk_temple_rainy

Skill      XL: |  1  2  3  4  5  6  7  8 |
---------------+-------------------------+-----
Spellcasting   | 5 6 |  6.0
Invocations    | 1 2 3 |  3.5
Short Blades   | 1 2 3 |  3.2
Axes           | 1 2 3 |  3.2
Maces & Flails | 1 2 3 |  3.2
Polearms       | 1 2 3 |  3.2
Staves         | 1 2 3 |  3.2
Ranged Weapons | 1 2 3 |  3.2
Stealth        | 1 2 3 |  3.2
Shields        | 1 2 3 |  3.2
Unarmed Combat | 1 2 3 |  3.2
Evocations     | 1 2 3 |  3.2
Conjurations   | 1 2 |  2.6
Hexes          | 1 2 |  2.6
Summonings     | 1 2 |  2.6
Necromancy     | 1 2 |  2.6
Transmutations | 1 2 |  2.6
Fire Magic     | 1 2 |  2.6
Ice Magic      | 1 2 |  2.6
Air Magic      | 1 2 |  2.6
Earth Magic    | 1 2 |  2.6
Poison Magic   | 1 2 |  2.6
Throwing       | 3 4 |  4.2
Armour         | 3 4 |  4.2
Fighting       | 5 |  5.6
Long Blades    | 5 |  5.6
Dodging        | 5 |  5.6
Translocations | 6 |  6.1

Action                     |  1- 3 |  4- 6 |  7- 9 || total
---------------------------+-------+-------+-------++-------
  Melee: Falchion          |   103 |   126 |   116 ||   345
         Bite              |     8 |    13 |    12 ||    33
         Punch             |     1 |     3 |     2 ||     6
   Fire: Sling             |    50 |   159 |    12 ||   221
  Throw: Boomerang         |       |     6 |     9 ||    15
         Dart              |       |     4 |     6 ||    10
   Cast: Blink             |     1 |     2 |       ||     3
         Summon Small Mamm |       |     9 |     9 ||    18
         Vhi's Electric Ch |       |       |     7 ||     7
 Invoke: Stomp             |       |       |     3 ||     3
    Use: Scroll            |       |     2 |     3 ||     5
         Potion            |       |     2 |     1 ||     3
 Armour: Leather armour    |    39 |    42 |    20 ||   101
  Dodge: Dodged            |   104 |   133 |    74 ||   311

Table legend: (Time is in decaauts)
 A = Elapsed time spent in this place.
 B = Non-inter-level travel time spent in this place.
 C = Inter-level travel time spent in this place.
 D = Time resting spent in this place.
 E = Time spent auto-exploring this place.
 F = Levels seen in this place.
 G = Mean time per level.
                   A        B        C        D        E       F      G
               +--------+--------+--------+--------+--------+-----+--------+
         Total |   6974 |   6764 |    210 |   2452 |   1100 |   6 | 1162.3 |
       Dungeon |   6958 |   6755 |    203 |   2452 |   1100 |   5 | 1391.6 |
        Temple |     15 |      8 |      7 |      0 |      0 |   1 |   15.0 |
               +--------+--------+--------+--------+--------+-----+--------+

Top non-repeatable levels by time:
     D:4: 1705 daAuts
     D:3: 1618 daAuts
     D:5: 1567 daAuts
     D:2: 1075 daAuts
     D:1: 992 daAuts
  Temple: 15 daAuts
